General information
			
			
        
        - name: BNet
 
        - type: Ladder 1vs1/FFA
 
        - host: Battle.net
 
        - saver: Asx
 
        
map: EmeraldShores 
        - players: 4
 
        - length: 26:25
 
        - speed: Fast
 - version: 1.22 W3XP
 - replay type:  Public
 
» download(101 KB)
Players
        team 1 (loser) 
              
              
Player 1 (
blue | 40 APM | 946 actions | 23:52)
              
 5 Priestess of the Moon 
 2 Searing Arrows
 3 Trueshot Aura
 4 Keeper of the Grove 
 2 Entangling Roots
 2 Thorns Aura
 
                » actions 
                
                | Assign group hotkey | 23 |  | 
| Basic commands | 4 |  | 
| Build / train | 91 |  | 
| Enter build submenu | 19 |  | 
| Enter hero's abilities submenu | 9 |  | 
| Remove unit from queue | 11 |  | 
| Right click | 375 |  | 
| Select / deselect | 289 |  | 
| Select group hotkey | 71 |  | 
| Use ability | 54 |  | 
                946 total
 » units 
                
                | Wisp | 19 |  | 
| Huntress | 6 |  | 
| Druid of the Talon | 3 |  | 
| Chimaera | 7 |  | 
| Hippogryph | 8 |  | 
| Dryad | 6 |  | 
| Glaive Thrower | 2 |  | 
                51 total
 » upgrades
                
                | Strength of the Wild | 3 |  | 
| Reinforced Hides | 2 |  | 
| Sentinel | 1 |  | 
| Well Spring | 1 |  | 
| Corrosive Breath | 1 |  | 
| Druid of the Talon Training | 2 |  | 
| Druid of the Claw Training | 1 |  | 
| Abolish Magic | 1 |  | 
| Mark of the Talon | 1 |  | 
                13 total
 » buildings
                
                | Altar of Elders | 1 |  | 
| Hunter's Hall | 1 |  | 
| Moon Well | 9 |  | 
| Ancient of War | 1 |  | 
| Ancient of Wonders | 1 |  | 
| Tree of Ages | 1 |  | 
| Ancient Protector | 1 |  | 
| Tree of Eternity | 1 |  | 
| Ancient of Wind | 1 |  | 
| Tree of Life | 2 |  | 
| Chimaera Roost | 2 |  | 
| Ancient of Lore | 1 |  | 
                22 total
 » build order
                00:26 Altar of Elders
00:41 Hunter's Hall
00:46 Moon Well
01:54 Ancient of War
02:11 Moon Well
02:23 Moon Well
02:53 Ancient of Wonders
04:07 Tree of Ages
05:11 Moon Well
06:19 Ancient Protector
06:38 Tree of Eternity
06:46 Ancient of Wind
07:58 Moon Well
08:13 Tree of Life
08:52 Tree of Life
09:10 Chimaera Roost
09:15 Chimaera Roost
11:36 Moon Well
14:46 Ancient of Lore
16:03 Moon Well
16:04 Moon Well
16:05 Moon Well
» items
                
                | Scroll of Town Portal | 1 |  | 
| Scroll of Healing | 1 |  | 
| Scroll of Protection | 1 |  | 
                3 total
  
               team 2 (loser) 
              
              
Player 2 (
purple | 55 APM | 848 actions | 15:28)
              
 2 Blademaster 
 1 Wind Walk
 1 Critical Strike
 1 Shadow Hunter 
 1 Serpent Ward
 1 Tauren Chieftain 
 1 War Stomp
 
                » actions 
                
                | Assign group hotkey | 14 |  | 
| Basic commands | 7 |  | 
| Build / train | 46 |  | 
| Enter build submenu | 26 |  | 
| Enter hero's abilities submenu | 4 |  | 
| Give item / drop item | 2 |  | 
| Remove unit from queue | 1 |  | 
| Right click | 300 |  | 
| Select / deselect | 122 |  | 
| Select group hotkey | 269 |  | 
| Use ability | 57 |  | 
                848 total
 » units 
                
                | Peon | 12 |  | 
| Wind Rider | 5 |  | 
| Tauren | 3 |  | 
| Shaman | 3 |  | 
                23 total
 » upgrades
                
                | Shaman Training | 2 |  | 
| Envenomed Spears | 1 |  | 
| Ranged Weapons | 1 |  | 
| Armor | 1 |  | 
| Witch Doctor Training | 1 |  | 
                6 total
 » buildings
                
                | Altar of Storms | 1 |  | 
| Orc Burrow | 6 |  | 
| War Mill | 1 |  | 
| Voodoo Lounge | 1 |  | 
| Watch Tower | 13 |  | 
| Stronghold | 2 |  | 
| Fortress | 1 |  | 
| Beastiary | 2 |  | 
| Spirit Lodge | 1 |  | 
| Tauren Totem | 1 |  | 
| Great Hall | 1 |  | 
                30 total
 » build order
                00:10 Altar of Storms
00:20 Orc Burrow
00:41 War Mill
01:17 Voodoo Lounge
01:41 Orc Burrow
02:17 Watch Tower
02:42 Watch Tower
03:06 Watch Tower
03:29 Stronghold
03:30 Stronghold
05:52 Fortress
06:03 Beastiary
06:09 Beastiary
06:19 Spirit Lodge
07:43 Orc Burrow
08:42 Orc Burrow
08:55 Tauren Totem
09:23 Great Hall
09:26 Watch Tower
09:28 Watch Tower
09:30 Watch Tower
09:40 Watch Tower
09:55 Watch Tower
09:59 Watch Tower
11:04 Watch Tower
11:06 Watch Tower
11:11 Watch Tower
11:14 Watch Tower
13:23 Orc Burrow
14:38 Orc Burrow
» items
                
                | Healing Salve | 2 |  | 
| Lesser Clarity Potion | 3 |  | 
| Orb of Lightning | 1 |  | 
                6 total
  
               team 3 (winner) 
              
              
» 
Asx (
green | 119 APM | 3153 actions | 26:25)
              
 7 Archmage 
 3 Summon Water Elemental
 3 Brilliance Aura
 1 Mass Teleport
 5 Mountain King 
 3 Storm Bolt
 2 Bash
 5 Paladin 
 3 Holy Light
 2 Divine Shield
 
                » actions 
                
                | Assign group hotkey | 80 |  | 
| Basic commands | 23 |  | 
| Build / train | 161 |  | 
| ESC pressed | 1 |  | 
| Enter build submenu | 49 |  | 
| Enter hero's abilities submenu | 19 |  | 
| Give item / drop item | 5 |  | 
| Remove unit from queue | 8 |  | 
| Right click | 1263 |  | 
| Select / deselect | 575 |  | 
| Select group hotkey | 776 |  | 
| Use ability | 193 |  | 
                3153 total
 » units 
                
                | Peasant | 22 |  | 
| Footman | 12 |  | 
| Dragonhawk Rider | 6 |  | 
| Flying Machine | 5 |  | 
| Gryphon Rider | 8 |  | 
| Siege Engine | 7 |  | 
                60 total
 » upgrades
                
                | Defend | 1 |  | 
| Masonry | 2 |  | 
| Lumber Harvesting | 2 |  | 
| Swords | 3 |  | 
| Armor | 5 |  | 
| Cloud | 1 |  | 
| Flak Cannons | 1 |  | 
| Barrage | 1 |  | 
| Plating | 2 |  | 
                18 total
 » buildings
                
                | Altar of Kings | 1 |  | 
| Farm | 13 |  | 
| Barracks | 1 |  | 
| Lumber Mill | 1 |  | 
| Scout Tower | 15 |  | 
| Arcane Tower | 2 |  | 
| Town Hall | 3 |  | 
| Keep | 3 |  | 
| Guard Tower | 17 |  | 
| Arcane Vault | 1 |  | 
| Blacksmith | 1 |  | 
| Gryphon Aviary | 2 |  | 
| Castle | 2 |  | 
| Workshop | 3 |  | 
| Arcane Sanctum | 1 |  | 
                66 total
 » build order
                00:02 Altar of Kings
00:07 Farm
00:09 Farm
00:28 Barracks
01:12 Lumber Mill
02:07 Farm
02:12 Scout Tower
02:33 Farm
02:48 Arcane Tower
02:48 Arcane Tower
03:53 Town Hall
03:58 Scout Tower
04:42 Keep
04:42 Keep
04:42 Keep
04:59 Scout Tower
04:59 Scout Tower
05:27 Guard Tower
05:27 Guard Tower
05:39 Arcane Vault
05:44 Scout Tower
05:45 Scout Tower
05:46 Scout Tower
05:47 Scout Tower
06:00 Guard Tower
06:30 Guard Tower
06:35 Guard Tower
06:35 Guard Tower
06:44 Guard Tower
06:45 Guard Tower
07:15 Blacksmith
07:25 Guard Tower
07:26 Guard Tower
08:07 Guard Tower
08:19 Gryphon Aviary
09:06 Castle
09:06 Castle
10:18 Gryphon Aviary
10:22 Farm
11:25 Workshop
11:25 Workshop
12:26 Workshop
12:57 Town Hall
12:58 Scout Tower
13:00 Scout Tower
13:00 Scout Tower
13:56 Guard Tower
13:56 Guard Tower
13:58 Scout Tower
14:01 Scout Tower
14:15 Farm
14:16 Farm
14:17 Farm
14:17 Farm
14:20 Scout Tower
14:21 Scout Tower
15:55 Guard Tower
15:55 Guard Tower
16:02 Guard Tower
16:02 Guard Tower
17:41 Arcane Sanctum
21:56 Farm
24:58 Town Hall
25:04 Farm
25:05 Farm
25:06 Farm
» items
                
                | Scroll of Regeneration | 2 |  | 
| Lesser Clarity Potion | 1 |  | 
| Scroll of Town Portal | 2 |  | 
| Staff of Sanctuary | 2 |  | 
| Orb of Fire | 1 |  | 
| Tome of Retraining | 1 |  | 
| Potion of Lesser Invulnerability | 1 |  | 
                10 total
  
               team 4 (loser) 
              
              
Player 4 (
orange | 16 APM | 429 actions | 26:22)
              
 2 Far Seer 
 1 Chain Lighting
 1 Feral Spirit
 
                » actions 
                
                | Assign group hotkey | 3 |  | 
| Basic commands | 19 |  | 
| Build / train | 55 |  | 
| Enter build submenu | 32 |  | 
| Enter hero's abilities submenu | 2 |  | 
| Right click | 125 |  | 
| Select / deselect | 157 |  | 
| Select group hotkey | 7 |  | 
| Use ability | 29 |  | 
                429 total
 » units 
                
                | Peon | 14 |  | 
| Grunt | 6 |  | 
| Troll Headhunter/Berserker | 5 |  | 
| Kodo Beast | 4 |  | 
| Wind Rider | 3 |  | 
| Shaman | 2 |  | 
| Troll Witch Doctor | 1 |  | 
| Spirit Walker | 3 |  | 
                38 total
 » upgrades
                
                | Melee Weapons | 1 |  | 
| Ranged Weapons | 1 |  | 
| Armor | 1 |  | 
| Spiked Barricades | 1 |  | 
| Envenomed Spears | 1 |  | 
| Ensnare | 1 |  | 
| Shaman Training | 2 |  | 
| Witch Doctor Training | 2 |  | 
| Spirit Walker Training | 1 |  | 
| War Drums Damage Increase | 1 |  | 
                12 total
 » buildings
                
                | Barracks | 1 |  | 
| War Mill | 1 |  | 
| Orc Burrow | 9 |  | 
| Altar of Storms | 1 |  | 
| Watch Tower | 13 |  | 
| Stronghold | 1 |  | 
| Beastiary | 1 |  | 
| Fortress | 1 |  | 
| Spirit Lodge | 1 |  | 
| Tauren Totem | 1 |  | 
                30 total
 » build order
                00:18 Barracks
00:45 War Mill
01:30 Orc Burrow
02:47 Altar of Storms
03:26 Orc Burrow
04:14 Orc Burrow
04:19 Orc Burrow
05:19 Watch Tower
05:34 Orc Burrow
06:14 Watch Tower
06:56 Watch Tower
08:30 Watch Tower
09:10 Stronghold
09:51 Watch Tower
11:21 Watch Tower
11:39 Beastiary
12:22 Fortress
12:44 Spirit Lodge
13:46 Orc Burrow
13:56 Orc Burrow
16:03 Watch Tower
17:17 Watch Tower
18:08 Watch Tower
20:51 Watch Tower
20:58 Watch Tower
21:49 Tauren Totem
23:03 Watch Tower
23:12 Watch Tower
24:22 Orc Burrow
25:09 Orc Burrow
 
                Chat log
          
(23:49 / All) Player 1: gg
(23:54 / All) Asx: gg